 Dungeon Crawl Stone Soup version 0.26.0-45-g9c1d065592 (webtiles) character file.

Game seed: 13994286511467713139

67 Caestello the Skirmisher (level 4, -1/29 HPs)
             Began as a Kobold Chaos Knight on Jan 31, 2021.
             Was a Plaything of Xom.
             Killed by divine providence
             ... invoked by an orc priest
              (12 damage)
             ... on level 3 of the Dungeon.
             The game lasted 00:04:07 (1800 turns).

Caestello the Skirmisher (Kobold Chaos Knight)      Turns: 1800, Time: 00:04:07

Health: -1/29      AC: 10    Str: 11    XL:     4   Next: 38%
Magic:  4/4        EV: 15    Int: 15    God:    Xom [....*.]
Gold:   43         SH:  0    Dex: 15    Spells: 3/3 levels left

rFire    + . .     SeeInvis +   a - +0 mace (chaos)
rCold    . . .     Faith    .   (shield restricted)
rNeg     . . .     Spirit   .   b - +2 leather armour
rPois    .         Reflect  .   (no helmet)
rElec    .         Harm     .   n - +2 cloak
rCorr    .         Rampage  .   (no gloves)
Will     .....                  (no boots)
Stlth    +++.......             (no amulet)
HPRegen  0.09/turn              j - ring of see invisible
MPRegen  0.09/turn              (no ring)

@: no status effects
A: small, yellow scales 1, clever 1, fire resistance 1, nightstalker 3, strong
1, wild magic 1
a: Renounce Religion


You were on level 3 of the Dungeon.
You worshipped Xom.
You were a beloved toy of Xom.
You visited 1 branch of the dungeon, and saw 3 of its levels.

You collected 43 gold pieces.

Inventory:

Hand Weapons
 a - a +0 mace of chaos (weapon)
Armour
 b - a +2 leather armour (worn)
 n - a +2 cloak (worn)
Jewellery
 j - a ring of see invisible (left hand)
Scrolls
 c - a scroll of immolation {unknown}
 d - 2 scrolls of teleportation {unknown}
 e - a scroll of enchant armour {unknown}
 g - a scroll of magic mapping {unknown}
 h - 3 scrolls of identify {unknown}
 i - a scroll of fear {unknown}
 k - 2 scrolls of enchant weapon {unknown}
 l - 2 scrolls of fog {unknown}
 m - a scroll of remove curse {unknown}
 q - 2 scrolls of random uselessness {unknown}
Potions
 f - a potion of berserk rage {unknown}
 o - a potion of curing {unknown}
 p - a potion of degeneration {unknown}


   Skills:
 + Level 3.7 Fighting
 + Level 3.2 Maces & Flails
 + Level 1.4 Armour
 + Level 2.9 Dodging
 * Level 2.2 Stealth


You had 3 spell levels left.
You didn't know any spells.
Your spell library was empty.

Dungeon Overview and Level Annotations

Branches:
Dungeon (3/15)

Altars:
Kikubaaqudgha


Innate Abilities, Weirdness & Mutations

You are small and have problems with some larger weapons.
You are completely attuned to the shadows.
You are partially covered in yellow scales. (AC +2)
Your mind is acute. (Int +2)
Your flesh is heat resistant. (rF+)
Your muscles are strong. (Str +2)
Your spells are a little harder to cast, but a little more powerful.


Message History

The orc closely misses you. The orc wizard barely misses you.
The orc priest barely misses you. The orc priest completely misses you.
The orc hits you but does no damage.
You hit the orc priest but do no damage.
You drain the orc priest.
The orc priest is lightly wounded.
The orc wizard casts a spell at you. The magic dart hits you!
The orc priest misses you.
The orc priest miscasts a cantrip.
The orc misses you. The orc wizard barely misses you.
You barely miss the orc priest.
The orc priest hits you but does no damage.
The orc priest mumbles some strange prayers to Beogh against you.
Beogh smites you! The orc completely misses you.
The orc wizard hits you but does no damage.
You barely miss the orc priest.
The orc priest calls down the wrath of Beogh upon you.
Beogh smites you!
You die...
Xom is highly amused!

* *** ** **, * *,
**,,,,,** * *,,,
, * ** * ,
#.......# ,,,,,,
#....[..# ,,,,,
##......# * , ,
*** #(.ooo..# *
** ,,*
#...@o...** *
#........,* * ,*
##.....##,, ** *
* * * *
######...## *,,,
, ,,,
,,........(..,,,,
* * **** ,,, *
#..........,,,,,
* ,,** ,
,.....##.###**
*** ,, **
,,.#........,,**
* ,* **
........##* *
**,,,


You could see 2 orc priests, an orc wizard and an orc.

Vanquished Creatures
  2 adders (D:3)
  A worm (D:2)
  A dart slug (D:1)
  3 leopard geckos
  3 orcs (D:3)
  7 bats
  3 goblins
  3 hobgoblins
  4 jackals (D:2)
  A ball python (D:1)
  2 kobolds
  6 rats
36 creatures vanquished.

Vanquished Creatures (others)
  7 toadstools (D:1)
7 creatures vanquished.

Grand Total: 43 creatures vanquished

Notes
Turn   | Place    | Note
-------+----------+-------------------------------------------
     0 | D:1      | Caestello the Kobold Chaos Knight began the quest for the
                  | Orb.
     0 | D:1      | Reached XP level 1. HP: 14/14 MP: 1/1
   306 | D:1      | Reached XP level 2. HP: 16/19 MP: 2/2
   458 | D:1      | XOM: silly message
   469 | D:1      | XOM: divination: detect creatures
   669 | D:2      | Found a faded altar of an unknown god.
   678 | D:2      | XOM: silly message
   713 | D:2      | XOM: butterfly on damage
   819 | D:2      | XOM: 1-stop teleportation journey
   892 | D:2      | Found an ancient bone altar of Kikubaaqudgha.
   909 | D:2      | XOM: give mutation
   909 | D:2      | Gained mutation: Your mind is acute. (Int +2) [Xom's grace]
   932 | D:2      | Reached skill level 1 in Armour
   932 | D:2      | Reached XP level 3. HP: 23/23 MP: 3/3
  1112 | D:2      | XOM: smoke on damage
  1143 | D:2      | Reached skill level 1 in Stealth
  1536 | D:3      | Reached XP level 4. HP: 25/29 MP: 4/4
  1578 | D:3      | XOM: give mutations
  1578 | D:3      | Gained mutation: Your spells are a little harder to cast,
                  | but a little more powerful. [Xom's grace]
  1578 | D:3      | Gained mutation: Your flesh is heat resistant. (rF+) [Xom's
                  | grace]
  1578 | D:3      | Gained mutation: You are partially covered in yellow
                  | scales. (AC +2) [Xom's grace]
  1578 | D:3      | Gained mutation: Your muscles are strong. (Str +2) [Xom's
                  | grace]
  1723 | D:3      | XOM: divination: magic mapping
  1800 | D:3      | Killed from afar by an orc priest

Illustrated notes

Levels and vault maps discovered:
D:1:      nagdon_arrival_double_spiral, layout_rooms, serial_bayou_pond_d
D:2:      layout_rooms, nicolae_overflow_crystal_walls,
          chequers_ecumenical_altar_grove
D:3:      layout_rooms, elyvilon_altar_5, uniq_robin

Skill      XL: |  1  2  3  4 |
---------------+-------------+-----
Maces & Flails | 3 |  3.2
Armour         | 1 |  1.4
Stealth        | 1 2 |  2.2
Fighting       | |  3.7
Dodging        | |  2.9

Action                   |  1- 3 |  4- 6 || total
-------------------------+-------+-------++-------
Melee: Mace              |    84 |    31 ||   115
 Stab: Sleeping          |     6 |       ||     6
       Distracted        |     1 |       ||     1
Armor: Leather armour    |    23 |    10 ||    33
Dodge: Dodged            |    74 |    28 ||   102
